 Dungeon Crawl Stone Soup version 0.19-a0-1238-gee6bd96 (webtiles) character file.

1717 PurpleRed the Destroyer (level 8, 0/41 HPs)
             Began as a Deep Elf Conjurer on Aug 26, 2016.
             Was a Believer of Vehumet.
             Slain by a three-headed hydra (7 damage)
             ... on level 9 of the Dungeon.
             The game lasted 00:22:37 (2085 turns).

PurpleRed the Destroyer (Deep Elf Conjurer)         Turns: 2085, Time: 00:22:38

Health: 0/41       AC:  8    Str:  5    XL:     8   Next: 74%
Magic:  8/21       EV: 13    Int: 25    God:    Vehumet [**....]
Gold:   188        SH:  0    Dex: 15    Spells: 5 memorised, 7 levels left

rFire  . . .     SeeInvis .     n - +4 arc blade {discharge, rElec}
rCold  . . .     Gourm    .     a - +0 robe
rNeg   . . .     Faith    .     (no shield)
rPois  +         Spirit   .     (no helmet)
rElec  +         Dismiss  .     o - +0 cloak
rCorr  .         Reflect  .     (no gloves)
MR     .....     Harm     .     B - +0 pair of boots {Fly}
Stlth  ++........               (no amulet)
                                h - ring of poison resistance
                                d - +4 ring of protection

@: flying
A: clever 1, regeneration 1
a: Renounce Religion, Stop Flying


You were on level 9 of the Dungeon.
You worshipped Vehumet.
Vehumet was pleased with you.
You were hungry.

You visited 1 branch of the dungeon, and saw 10 of its levels.

You collected 188 gold pieces.

Inventory:

Hand Weapons
 n - the +4 arc blade (weapon) {discharge, rElec}
   (You found it on level 4 of the Dungeon)

   It insulates you from electricity.
 D - a +1 battleaxe of draining
Armour
 a - a +0 robe (worn)
 j - a +2 leather armour of poison resistance
 o - a +0 cloak (worn)
 z - a +0 buckler
 B - a +0 pair of boots of flying (worn)
Jewellery
 d - a +4 ring of protection (left hand)
 h - a ring of poison resistance (right hand)
Wands
 t - a wand of lightning (7/15)
 x - a wand of flame (24/48)
 y - a wand of slowing (8/48)
Scrolls
 m - a scroll of remove curse
 u - a scroll of amnesia
 v - a scroll of blinking
Potions
 g - a potion of might
 q - 3 potions of curing
 r - a potion of haste
 s - a potion of cure mutation {unknown}
 w - a potion of agility {unknown}
 C - a potion of flight {unknown}
Books
 b - a book of Conjurations

   Spells                             Type                      Level
   a - Magic Dart                     Conjuration                  1
   b - Searing Ray                    Conjuration                  2
   c - Dazzling Spray                 Conjuration/Hexes            3
   d - Fulminant Prism                Conjuration/Hexes            4
   e - Iskenderun's Mystic Blast      Conjuration                  4
   f - Iskenderun's Battlesphere      Conjuration/Charms           5
Comestibles
 c - 3 bread rations
 f - 5 chunks of flesh
 i - 2 meat rations
 k - a royal jelly
 p - 12 fruits
 A - 6 slices of pizza


   Skills:
 - Level 2.4 Dodging
 - Level 2.4 Stealth
 + Level 0.0 Shields
 + Level 7.8 Spellcasting
 + Level 10.1 Conjurations
 - Level 7.0 Charms
 + Level 0.0 Fire Magic


You had 7 spell levels left.
You knew the following spells:

 Your Spells              Type           Power        Failure   Level  Hunger
a - Magic Dart            Conj           ####         1%          1    None
b - Searing Ray           Conj           ######       1%          2    None
c - Iskenderun's Mystic   Conj           ######..     1%          4    ##.....
d - Iskenderun's Battles  Conj/Chrm      ######..     6%          5    #####..
e - Inner Flame           Hex/Fire       #.......     21%         3    None


Dungeon Overview and Level Annotations

Branches:
Dungeon (10/15)            Temple (0/1) D:4
   Lair: D:8-11         Orc: D:9-12

Altars:
Gozag
Sif Muna
Vehumet
Zin

Shops:
D:4 [


Innate Abilities, Weirdness & Mutations

Your mind is acute. (Int +2)
Your natural rate of healing is unusually fast.


Message History

* * * LOW HITPOINT WARNING * * *
You feel much better.
The big kobold hits you but does no damage.
The three-headed hydra bites you!
The three-headed hydra closely misses you. x2
Casting: Searing Ray
Confirm with . or Enter, or press ? or * to list all spells.
Aiming: Magic Dart
Press: ? - help, Shift-Dir - straight line, f/p - three-headed hydra
Aim: a three-headed hydra (almost dead)
The magic dart hits the three-headed hydra.
The three-headed hydra is almost dead.
Your battlesphere fires!
The barrage of energy hits the three-headed hydra.
The three-headed hydra is almost dead.
The big kobold closely misses you. The three-headed hydra bites you!
* * * LOW HITPOINT WARNING * * *
The three-headed hydra barely misses you.
The three-headed hydra bites you!
You die...

#####.####.#
#PP≈(≈.≈.#.#
#P≈......#..
#≈)P.....#
#P≈≈.....#
#.≈P...*.#
#+###'''##
#).#K....#
#.%'D@...#
##########


You could see a three-headed hydra, a big kobold and a friendly battlesphere.

Vanquished Creatures
  A troll (D:9)
  2 yaks (D:9)
  An orc warrior (D:7)
  A phantom (D:7)
  An ogre (D:6)
  2 big kobolds (D:9)
  A giant frog (D:7)
  2 scorpions
  3 hounds
  A jelly (D:8)
  A centaur skeleton (D:6)
  5 orc priests
  A giant frog skeleton (D:8)
  3 orc wizards
  An iguana (D:9)
  A worker ant (D:7)
  2 sheep (D:9)
  3 adders
  A shadow imp (D:7)
  An ooze (D:4)
  An adder skeleton (D:4)
  4 worms
  A dart slug (D:1)
  4 giant geckos
  18 orcs
  7 goblins (D:3)
  5 hobgoblins
  6 jackals
  2 quokkas
  3 bats
  A giant newt (D:3)
  5 kobolds
  5 rats
  A plant (D:9)
97 creatures vanquished.

Vanquished Creatures (others)
  An ooze (D:2)
1 creature vanquished.

Grand Total: 98 creatures vanquished

Notes
Turn   | Place    | Note
-------+----------+-------------------------------------------
     0 | D:1      | PurpleRed the Deep Elf Conjurer began the quest for the Orb.
     0 | D:1      | Reached XP level 1. HP: 10/10 MP: 6/6
    30 | D:2      | Found a radiant altar of Vehumet.
    35 | D:2      | Became a worshipper of Vehumet
    99 | D:2      | Reached XP level 2. HP: 15/15 MP: 4/8
   116 | D:2      | Learned a level 2 spell: Searing Ray
   130 | D:2      | Reached skill level 5 in Conjurations
   257 | D:3      | Reached XP level 3. HP: 10/19 MP: 4/9
   347 | D:2      | Reached * piety under Vehumet
   347 | D:2      | Offered knowledge of Sting by Vehumet.
   518 | D:4      | Reached XP level 4. HP: 24/24 MP: 7/11
   520 | D:4      | Reached skill level 6 in Conjurations
   657 | D:4      | Reached XP level 5. HP: 17/28 MP: 1/13
   663 | D:4      | Learned a level 4 spell: Iskenderun's Mystic Blast
   669 | D:4      | Learned a level 5 spell: Iskenderun's Battlesphere
   688 | D:4      | Reached skill level 1 in Charms
   830 | D:5      | Entered Level 5 of the Dungeon
   885 | D:5      | Gained mutation: Your natural rate of healing is unusually fast. [potion of beneficial mutation]
   888 | D:4      | Found Imediona's Armour Emporium.
   989 | D:4      | Reached skill level 5 in Spellcasting
   989 | D:4      | Reached skill level 7 in Conjurations
   989 | D:4      | Reached XP level 6. HP: 13/32 MP: 5/15
  1037 | D:4      | Reached ** piety under Vehumet
  1037 | D:4      | Offered knowledge of Throw Frost by Vehumet.
  1060 | D:4      | Found a staircase to the Ecumenical Temple.
  1277 | D:6      | Found a glowing silver altar of Zin.
  1278 | D:6      | Found an opulent altar of Gozag.
  1350 | D:7      | Reached XP level 7. HP: 36/36 MP: 7/17
  1370 | D:7      | Reached skill level 8 in Conjurations
  1428 | D:7      | Gained mutation: Your mind is acute. (Int +2) [potion of beneficial mutation]
  1483 | D:7      | Found a deep blue altar of Sif Muna.
  1607 | D:9      | Noticed a troll
  1612 | D:9      | Killed a troll
  1612 | D:9      | Reached skill level 9 in Conjurations
  1612 | D:9      | Reached skill level 5 in Charms
  1612 | D:9      | Reached XP level 8. HP: 18/41 MP: 5/19
  1628 | D:10     | Entered Level 10 of the Dungeon
  1628 | D:10     | Noticed a two-headed ogre
  2012 | D:9      | Reached skill level 10 in Conjurations
  2014 | D:9      | Offered knowledge of Inner Flame by Vehumet.
  2031 | D:9      | Learned a level 3 spell: Inner Flame
  2077 | D:9      | Noticed a three-headed hydra
  2083 | D:9      | HP: 1/41 [three-headed hydra (6)]
  2085 | D:9      | Slain by a three-headed hydra

Vault maps used:
D:1:      minmay_arrival_solitary_statue, patterned_corridor
D:2:      fiery_altar_vehumet, first_bread
D:3:      corexii_shack_village
D:4:      serial_shops, shop, led_xom_imps
D:5:      kennysheep_ying_yang
D:6:      grunt_temple_overflow_gold_and_silver,
          nemelex_xobeh_ov_fountains_minmay, serial_shops, shop
D:7:      lemuel_zombie_altar_kikubaaqudgha, lemuel_blue_sif_altar, uniq_pikel
D:8:      nrook_pool_corridor
D:9:      kennysheep_little_box, hangedman_ranch
D:10:     dpeg_oklobed_lair, erik_orc_2, nicolae_trove_entry_diagonal,
          kennysheep_small_circle, uniq_sonja, uniq_psyche

Skill      XL: |  1  2  3  4  5  6  7  8 |
---------------+-------------------------+-----
Conjurations   | 5 6 7 9 10 | 10.1
Spellcasting   | 4 5 6 7 |  7.8
Charms         | 2 4 5 7 |  7.0
Dodging        | |  2.4
Stealth        | |  2.4

Action                   |  1- 3 |  4- 6 |  7- 9 || total
-------------------------+-------+-------+-------++-------
Melee: Falchion          |    36 |     3 |       ||    39
       Hand axe          |       |    19 |       ||    19
       Rapier            |       |     8 |    43 ||    51
 Cast: Magic Dart        |    33 |    26 |    14 ||    73
       Searing Ray       |     3 |    18 |     7 ||    28
       Iskenderun's Batt |       |     1 |     8 ||     9
       Iskenderun's Myst |       |       |     1 ||     1
Evoke: Wand              |       |     1 |       ||     1
  Use: Scroll            |       |     6 |     7 ||    13
       Potion            |       |     1 |     2 ||     3
 Stab: Sleeping          |     2 |     1 |     1 ||     4
  Eat: Chunk             |       |     1 |     5 ||     6
Armor: Robe              |     4 |    18 |    27 ||    49
Dodge: Dodged            |    27 |    31 |    46 ||   104
